 Dungeon Crawl Stone Soup version 0.29-a0-577-gafbf2c5d25 (webtiles) character file.

Game seed: 2074050409540089833

937 happo123 the Ruffian (level 7, -1/67 HPs)
             Began as a Troll Warper on June 14, 2022.
             Succumbed to a scorpion's poison
             ... on level 5 of the Dungeon.
             The game lasted 00:15:16 (4203 turns).

happo123 the Ruffian (Troll Warper)                 Turns: 4203, Time: 00:15:17

Health: -1/67      AC:  7    Str: 20    XL:     7   Next: 87%
Magic:  18/18      EV: 10    Int: 11    God:
Gold:   288        SH:  0    Dex:  9    Spells: 8/10 levels left

rFire   + + .      SeeInvis .     - Unarmed
rCold   + . .      Faith    .   (no shield)
rNeg    . . .      Spirit   .   n - +1 robe {rC+ rF+}
rPois   .          Reflect  .   (helmet restricted)
rElec   .          Harm     .   (no cloak)
rCorr   .          Rampage  .   (gloves unavailable)
Will    .....                   (boots unavailable)
Stlth   +.........              (no amulet)
HPRegen 1.01/turn               u - ring of magical power
MPRegen 0.16/turn               (no ring)

@: lethally poisoned (-1 -> -14), hasted, very quick
A: large, unfitting armour, claws 3, regeneration 1, shaggy fur 1, tough skin 1,
iridescent scales 1, fire resistance 1, inability to read while threatened
a: no special abilities


You were on level 5 of the Dungeon.
You visited 1 branch of the dungeon, and saw 5 of its levels.
You also visited: Sewer.

You collected 288 gold pieces.

Inventory:

Hand Weapons
 v - the +1 dagger "Ymeicytonu" {vorpal, rN+ Dex+3}
   (You found it on level 4 of the Dungeon)

   It inflicts extra damage upon your enemies.
   Dex:       It affects your dexterity (+3).
   rN:        It protects you from negative energy.
Missiles
 c - 7 boomerangs of dispersal (quivered)
 r - a boomerang
Armour
 a - a +0 robe
 n - a +1 robe of resistance (worn)
Jewellery
 u - a ring of magical power (left claw)
Wands
 j - a wand of digging (3)
 x - a wand of iceblast (8)
Scrolls
 b - 2 scrolls of blinking
 e - a scroll of torment {unknown}
 f - a scroll of poison {unknown}
 g - 2 scrolls of amnesia {unknown}
 h - a scroll of acquirement {unknown}
 l - 3 scrolls of teleportation
 s - 2 scrolls of identify {unknown}
 w - 2 scrolls of enchant weapon {unknown}
 y - a scroll of vulnerability {unknown}
 z - a scroll of fear {unknown}
Potions
 d - a potion of haste
 i - a potion of heal wounds {unknown}
 k - a potion of curing {unknown}
 m - 5 potions of flight
 o - a potion of degeneration {unknown}
 p - 2 potions of brilliance {unknown}
 q - a potion of might {unknown}
 t - 2 potions of mutation


   Skills:
 + Level 3.1 Fighting
 - Level 0.8 Throwing
 + Level 3.3 Dodging
 * Level 5.1 Unarmed Combat
 + Level 2.4 Spellcasting
 * Level 4.2 Translocations


You had 8 spell levels left.
You knew the following spells:

 Your Spells              Type           Power      Damage    Failure   Level
a - Blink                 Tloc           20%        N/A       8%          2

Your spell library contained the following spells:

 Spells                   Type           Power      Damage    Failure   Level
 Gell's Gravitas          Tloc           10%        N/A       14%         3
 Lesser Beckoning         Tloc           10%        N/A       14%         3
 Teleport Other           Tloc           10%        N/A       14%         3
 Sublimation of Blood     Necr           1%         N/A       38%         2
 Manifold Assault         Tloc           10%        N/A       80%         5
 Petrify                  Tmut/Erth      1%         N/A       95%         4
 Freezing Cloud           Conj/Ice/Air   0%         6-21      100%        5
 Irradiate                Conj/Tmut      0%         3d13      100%        5
 Dispersal                Tloc           5%         N/A       100%        6
 Simulacrum               Ice/Necr       0%         N/A       100%        6
 Polar Vortex             Ice            0%         N/A       100%        9


Dungeon Overview and Level Annotations

Branches:
Dungeon (5/15)              Sewer (visited)
 Temple: D:4-7

Altars:
Kikubaaqudgha


Innate Abilities, Weirdness & Mutations

You are too large for most types of armour.
You have claws for hands.
Your natural rate of healing is unusually fast.
You are covered in fur. (AC +1)
You have tough skin. (AC +1)
You are partially covered in iridescent scales. (AC +2)
Your flesh is heat resistant. (rF+)
You sometimes lose the ability to read scrolls when taking damage.


Message History

The black bear is severely wounded.
The black bear bites you.
* * * LOW HITPOINT WARNING * * *
The black bear claws you.
* * * LOW HITPOINT WARNING * * *
The black bear claws you but does no damage.
You completely miss the black bear.
The black bear is severely wounded.
You claw the black bear!
You kill the black bear!
You claw the orc!
You kill the orc!
You barely miss the scorpion. The scorpion misses you.
You scratch the scorpion but do no damage.
The orc priest casts a cantrip, but nothing happens.
The scorpion stings you.
* * * LOW HITPOINT WARNING * * *
You claw the scorpion!
The scorpion is moderately wounded.
The hound barks!
You scratch the scorpion.
The scorpion is heavily wounded.
The scorpion closely misses you.
You closely miss the scorpion.
The scorpion is heavily wounded.
The scorpion stings you!
* * * LOW HITPOINT WARNING * * *
You are poisoned.
The scorpion poisons you!
You scratch the scorpion but do no damage.
The scorpion is heavily wounded.
You feel sick. The scorpion stings you.
* * * LOW HITPOINT WARNING * * *
You are more poisoned.
The scorpion poisons you!
It was a potion of mutation.
You feel extremely strange.
Iridescent scales grow over part of your body.
You lose the ability to read scrolls when threatened.
You feel resistant to heat.
You die...

#.$#.s.......#.#
#.....o# #.....#
#o#s# #.#...
#o†o###...#
###hh....# ##.#...#
#S..#.##
#.#######.h#.######
#......@so###.....##
##########.#.........
##.#.###.### #.#.# #
#†#.###.###
#..........
###.###.##
#######...>.#
#...........#


You could see a scorpion, a hound and an orc priest.

Vanquished Creatures
  2 black bears (D:5)
  An ogre (D:4)
  A centaur (D:3)
  A necrophage (D:5)
  2 scorpions
  A howler monkey (D:5)
  An orc priest (D:3)
  An iguana (D:5)
  A merfolk avatar (Sewer)
  A merfolk siren (Sewer)
  Robin (D:2)
  7 adders
  3 gnolls (D:4)
  A river rat (Sewer)
  A shadow imp (D:5)
  A white imp (D:5)
  5 worms
  2 dart slugs
  5 orcs
  5 endoplasms
  3 giant cockroaches
  15 goblins
  4 hobgoblins
  7 jackals (D:1)
  14 kobolds
  5 quokkas
  19 ball pythons
  3 bats
  14 frilled lizards
  28 rats
155 creatures vanquished.

Vanquished Creatures (others)
  A fungus (D:1)
  2 plants (D:3)
3 creatures vanquished.

Grand Total: 158 creatures vanquished

Notes
Turn   | Place    | Note
-------+----------+-------------------------------------------
     0 | D:1      | happo123 the Troll Warper began the quest for the Orb.
     0 | D:1      | Reached XP level 1. HP: 19/19 MP: 1/1
    72 | D:1      | Reached XP level 2. HP: 28/28 MP: 2/2
    75 | D:1      | Learned a level 2 spell: Blink
    96 | D:1      | Found a faded altar of an unknown god.
   484 | D:1      | Reached XP level 3. HP: 30/35 MP: 4/4
  1129 | D:2      | Noticed Robin
  1130 | D:2      | Found an ancient bone altar of Kikubaaqudgha.
  1172 | D:2      | Killed Robin
  1173 | D:2      | Reached XP level 4. HP: 19/42 MP: 5/5
  1350 | D:3      | Found a glowing drain.
  1360 | Sewer    | Entered a sewer
  1469 | Sewer    | Reached skill level 3 in Unarmed Combat
  1577 | Sewer    | Noticed a malarious merfolk avatar
  1583 | Sewer    | Reached XP level 5. HP: 35/49 MP: 6/6
  1778 | D:3      | Noticed a centaur
  1787 | D:3      | Killed a centaur
  1788 | D:3      | Reached XP level 6. HP: 56/58 MP: 7/7
  3006 | D:4      | Reached skill level 4 in Unarmed Combat
  3008 | D:4      | Identified the +1 dagger "Ymeicytonu" {vorpal, rN+ Dex+3}
  3451 | D:4      | Reached XP level 7. HP: 30/66 MP: 9/9
  3707 | D:5      | Entered Level 5 of the Dungeon
  4190 | D:5      | Reached skill level 5 in Unarmed Combat
  4202 | D:5      | HP: 2/67 [scorpion (5)]
  4203 | D:5      | Gained mutation: You are partially covered in iridescent
                  | scales. (AC +2) [potion of mutation]
  4203 | D:5      | Gained mutation: You sometimes lose the ability to read
                  | scrolls when taking damage. [potion of mutation]
  4203 | D:5      | Gained mutation: Your flesh is heat resistant. (rF+)
                  | [potion of mutation]
  4203 | D:5      | Succumbed to a scorpion's poison

Illustrated notes

Levels and vault maps discovered:
D:1:      lightli_arrival_noodles, layout_rooms,
          shapermc_ecumenical_altar_petra, minmay_small_reverse_x
D:2:      layout_basic, basic_altar, uniq_robin
D:3:      layout_loops_ring, serial_forest, infiniplex_forest_zigzag_1,
          infiniplex_forest_lined_3, infiniplex_forest_zigzag_2,
          infiniplex_forest_end_2, infiniplex_forest_straight_5,
          infiniplex_forest_join, infiniplex_forest_lined_corner,
          cheibrodos_sewer_entry_sluice, hangedman_decor_clover_reticule
D:4:      layout_basic, minmay_crystal_water
D:5:      black_bear_nest_1, layout_loops_ring, minmay_fractal_squares_5

Skill      XL: |  1  2  3  4  5  6  7 |
---------------+----------------------+-----
Dodging        | 2 3 |  3.3
Fighting       | 2 3 |  3.1
Unarmed Combat | 3 4 5 |  5.1
Translocations | 3 4 |  4.2
Spellcasting   | 2 |  2.4
Throwing       | |  0.8

Action                   |  1- 3 |  4- 6 |  7- 9 || total
-------------------------+-------+-------+-------++-------
Melee: Unarmed           |   146 |   252 |    52 ||   450
       Punch             |     1 |     4 |     3 ||     8
  Use: Potion            |       |       |     2 ||     2
 Stab: Sleeping          |       |     2 |       ||     2
Armor: Robe              |    58 |    77 |    20 ||   155
Dodge: Dodged            |    95 |    93 |    27 ||   215

Table legend: (Time is in decaauts)
 A = Elapsed time spent in this place.
 B = Non-inter-level travel time spent in this place.
 C = Inter-level travel time spent in this place.
 D = Time resting spent in this place.
 E = Time spent auto-exploring this place.
 F = Levels seen in this place.
 G = Mean time per level.
                   A        B        C        D        E       F      G
               +--------+--------+--------+--------+--------+-----+--------+
         Total |   4225 |   3987 |    238 |      0 |   2919 |   6 |  704.2 |
       Dungeon |   3818 |   3580 |    238 |      0 |   2832 |   5 |  763.6 |
         Sewer |    406 |    406 |      0 |      0 |     87 |   1 |  406.0 |
               +--------+--------+--------+--------+--------+-----+--------+

Top non-repeatable levels by time:
     D:3: 1041 daAuts
     D:4: 965 daAuts
     D:2: 728 daAuts
     D:1: 598 daAuts
     D:5: 484 daAuts
   Sewer: 406 daAuts
